Construct Section Command Post
Selects Australian Defense Battlegroup
Selects Australian Light Infantry Section
Australian Light Infantry Section
Construct Platoon Command Post
Unlock Bishop Self-propelled Artillery
Selects 2-pounder Anti-tank Gun Team
2-pounder Anti-tank Gun Team
Bishop Self-propelled Artillery
Selects CMP 15cwt Supply Run
Bishop Self-propelled Artillery
Construct Company Command Post
Selects Reinforced Resource Caches
Construct Field Infirmary